 Dungeon Crawl Stone Soup version 0.31-a0-826-ga5cc291a1b (webtiles) character file.

Game seed: 9568075417545879722

11 qw the Shooter (level 2, 0/17 HPs)
             Began as a Gargoyle Hunter on Sept 23, 2023.
             Slain by an adder (2 damage)
             ... on level 2 of the Dungeon.
             The game lasted 00:00:05 (140 turns).

qw the Shooter (Gargoyle Hunter)                     Turns: 140, Time: 00:00:06

Health: 0/17       AC:  5    Str: 14    XL:     2   Next: 29%
Magic:  2/2        EV: 11    Int:  9    God:
Gold:   29         SH:  0    Dex: 13    Spells: 1/1 levels left

rFire   . . .        a - +0 shortbow
rCold   . . .        (shield currently unavailable)
rNeg    + . .        c - +0 leather armour
rPois   inf          (no helmet)
rElec   +            (no cloak)
rCorr   .            (no gloves)
SInv    .            (no boots)
Will    .....        (no amulet)
Stlth   +            (no ring)
HPRegen 0.22/turn    (no ring)
MPRegen 0.08/turn

%: no passive effects
@: no status effects
A: sickness immunity, AC +2, negative energy resistance 1, electricity
resistance, torment resistance 1, petrification resistance
a: no special abilities


You were on level 2 of the Dungeon.
You visited 1 branch of the dungeon, and saw 2 of its levels.

You collected 29 gold pieces.


Innate Abilities, Weirdness & Mutations

You are immune to sickness and miasma.
Your stone body is resilient. (AC +2)
You are immune to poison.
You resist negative energy. (rN+)
You are resistant to electric shocks. (rElec)
You are resistant to unholy torment.
You are immune to petrification.


   Skills:
 - Level 2.1 Fighting
 + Level 4.5 Ranged Weapons
 - Level 1.5 Dodging
 - Level 1.1 Stealth


You had one spell level left.
You didn't know any spells.
Your spell library was empty.

Inventory:

Hand Weapons
 a - a +0 shortbow (weapon)
Armour
 c - a +0 leather armour (worn)
Scrolls
 b - a scroll of butterflies

Dungeon Overview and Level Annotations

Branches:
Dungeon (2/15)

Altars:

Shops:
D:2 !(


Message History

Waypoint 1 assigned to D:2.
You now have 14 gold pieces (gained 7).
You now have 29 gold pieces (gained 15).
There is an entrance to Fimuro's Weapon Emporium here.
110 ||| SHOPLISTING +2 orcbow (170 gold, have 29).
You can access your shopping list by pressing '$'.
A kobold comes into view. It is wielding a +0 dagger.
You shoot an arrow. The arrow hits the kobold.
You kill the kobold!
There is an entrance to Digh's Distillery here.
123 ||| SHOPLISTING 2 potions of curing (60 gold, have 29).
You can access your shopping list by pressing '$'.
123 ||| SHOPLISTING potion of curing (30 gold, have 29).
You can access your shopping list by pressing '$'.
123 ||| SHOPLISTING potion of mutation (80 gold, have 29).
You can access your shopping list by pressing '$'.
An adder and a kobold come into view.
The kobold shouts!
The adder hisses angrily.
You shoot an arrow. The arrow barely misses the kobold.
The arrow misses the adder.
You shoot an arrow. The arrow closely misses the kobold.
The arrow closely misses the adder.
You shoot an arrow.
The arrow hits the kobold but does no damage.
The kobold barely misses you.
You shoot an arrow.
The arrow hits the adder but does no damage.
The adder bites you but does no damage. The kobold closely misses you.
The adder bites you.
You shoot an arrow. The arrow barely misses the adder.
The kobold hits you with a +0 whip. The adder closely misses you.
The kobold barely misses you. The adder bites you but does no damage.
You shoot an arrow. The arrow barely misses the adder.
The adder bites you. The kobold hits you with a +0 whip.
You shoot an arrow. The arrow closely misses the adder.
The adder bites you but does no damage. The kobold hits you with a +0 whip.
The adder bites you.
You shoot an arrow. The arrow misses the adder.
The adder bites you.
You die...

..# #.# #.# #
#.# .#
#.##.####
#........
#SK...... #@#
# #.# .#
###.####### .#
#.........#..#
#.#.#####.#..#
#.#..........#
#.####..#.##.#
#...##..#.# ..
##....#..#.#
##


You could see an adder and a kobold.

Vanquished Creatures
  A giant cockroach (D:1)
  3 jackals (D:1)
  A quokka (D:1)
  A ball python (D:1)
  4 kobolds
10 creatures vanquished.

Notes
Turn   | Place    | Note
-------+----------+-------------------------------------------
     0 | D:1      | qw the Gargoyle Hunter began the quest for the Orb.
     0 | D:1      | Reached XP level 1. HP: 12/12 MP: 1/1
     0 | D:1      | 0 ||| qw: Version: 0.3-a-83-gcd0e7d8
     0 | D:1      | 0 ||| qw: Game counter: 1876
     0 | D:1      | 0 ||| qw: Melee chars always use a shield: true
     0 | D:1      | 0 ||| qw: God list: Okawaru
     0 | D:1      | 0 ||| qw: Allow faded altars: false
     0 | D:1      | 0 ||| qw: Do Orc after clearing Dungeon:15 true
     0 | D:1      | 0 ||| qw: Do second Lair branch before Depths: true
     0 | D:1      | 0 ||| qw: Lair rune preference: random
     0 | D:1      | 0 ||| qw: Goals: Normal
     0 | D:1      | 0 ||| PLANNING D:1-11
    39 | D:1      | Reached XP level 2. HP: 11/17 MP: 2/2
    87 | D:1      | You fall into a shaft and drop 1 floor!
    98 | D:2      | Found Digh's Distillery.
    98 | D:2      | Found Fimuro's Weapon Emporium.
   110 | D:2      | 110 ||| SHOPLISTING +2 orcbow (170 gold, have 29).
   123 | D:2      | 123 ||| SHOPLISTING 2 potions of curing (60 gold, have 29).
   123 | D:2      | 123 ||| SHOPLISTING potion of curing (30 gold, have 29).
   123 | D:2      | 123 ||| SHOPLISTING potion of mutation (80 gold, have 29).
   139 | D:2      | HP: 2/17 [adder (3)]
   140 | D:2      | Slain by an adder

Levels and vault maps discovered:
D:1:      minmay_arrival_glassed_features, layout_basic,
          minmay_worlds_worst_comb
D:2:      layout_loops_ring, hellmonk_ecumenical_altar_inner_sanctum,
          serial_shops, nicolae_shop_dealshenge,
          nicolae_shop_just_a_little_nook, shop, shop

Action                     || total
---------------------------++-------
   Fire: Shortbow          ||    32
 Armour: Leather armour    ||    14
  Dodge: Dodged            ||     8

Table legend:
 A = Non-vault XP
 B = Vault XP
 C = Vault XP percentage of total XP
 D = Non-vault monster count
 E = Vault monster count
 F = Vault count percentage of total count
                 A         B        C        D         E       F
            +---------+---------+-------+---------+---------+-------
      Total |      17 |       0 |   0.0 |      10 |       0 |   0.0
            +---------+---------+-------+---------+---------+-------
        D:1 |      16 |       0 |   0.0 |       9 |       0 |   0.0
        D:2 |       1 |       0 |   0.0 |       1 |       0 |   0.0
            +---------+---------+-------+---------+---------+-------
